 Dungeon Crawl Stone Soup version 0.20-a0-1020-g7b9e4fe (webtiles) character file.

71046 Duffy the Severer (level 14, 125/125 HPs)
             Began as a Demonspawn Fighter on Apr 18, 2017.
             Was a High Priest of Makhleb.
             Quit the game on level 11 of the Dungeon.
             The game lasted 00:23:02 (20130 turns).

Duffy the Severer (Demonspawn Fighter)             Turns: 20130, Time: 00:23:03

Health: 125/125    AC: 28    Str: 22    XL:     14   Next: 96%
Magic:  19/19      EV:  6    Int:  9    God:    Makhleb [*****.]
Gold:   891        SH: 18    Dex: 15    Spells: 13/13 levels left

rFire    + . .     SeeInvis .   a - +5 broad axe (protect)
rCold    + . .     Gourm    .   c - +0 shield
rNeg     . . .     Faith    .   H - +0 plate armour {rF+}
rPois    +         Spirit   +   F - +0 helmet
rElec    +         Reflect  +   z - +0 cloak (curse)
rCorr    .         Harm     .   e - +2 pair of gloves
MR       +....                  s - +2 pair of boots
Stlth    ..........             x - +5 amulet of reflection
Regen    0.3/turn               N - ring of protection from cold
MPRegen  0.2/turn               J - ring of Jyzed {rElec rPois}

@: no status effects
A: claws 1, talons 2, thin metallic scales 2, agile 1, powered by death 3,
robust 1, inhibited regeneration, magic shield
a: Minor Destruction, Lesser Servant of Makhleb, Major Destruction, Greater
Servant of Makhleb, Renounce Religion


You were on level 11 of the Dungeon.
You worshipped Makhleb.
Makhleb was extremely pleased with you.
You were not hungry.

You visited 3 branches of the dungeon, and saw 19 of its levels.
You also visited: Ice Cave.

You collected 1769 gold pieces.
You spent 878 gold pieces at shops.

Inventory:

Hand Weapons
 a - a +5 broad axe of protection (weapon)
 b - a +0 flail of protection
Missiles
 y - 8 curare-tipped needles
 A - 3 throwing nets (quivered)
Armour
 c - a +0 shield (worn)
 e - a +2 pair of gloves (worn)
 s - a +2 pair of boots (worn)
 z - a cursed +0 cloak (worn)
 F - a +0 helmet (worn)
 H - a +0 plate armour of fire resistance (worn)
Jewellery
 x - a +5 amulet of reflection (around neck)
 J - the ring of Jyzed (right hand) {rElec rPois}
   (You found it on level 1 of the Lair of Beasts)

   [ring of poison resistance]

   It insulates you from electricity.
   It protects you from poison.
 N - a ring of protection from cold (left hand)
Wands
 p - a wand of acid (8/15)
 I - a wand of digging (14/24)
Scrolls
 g - 4 scrolls of magic mapping
 h - a scroll of immolation
 j - 15 scrolls of remove curse
 m - 5 scrolls of enchant armour
 q - 3 scrolls of blinking
 t - 3 scrolls of fear
 w - 7 scrolls of teleportation
 L - 2 scrolls of vulnerability
 O - 4 scrolls of identify
 P - a scroll of fog
Potions
 d - a potion of might
 l - 2 potions of agility
 o - 2 potions of flight
 r - 4 potions of lignification
 C - 5 potions of haste
 D - 3 potions of invisibility
 E - 3 potions of heal wounds
 G - a potion of cancellation
 K - a potion of ambrosia
 M - 5 potions of curing
Comestibles
 f - 4 bread rations
 k - 23 fruits
 n - 12 meat rations
 u - 10 royal jellies
 v - 4 chunks of flesh


   Skills:
 + Level 11.9 Fighting
 * Level 15.2 Axes
 + Level 11.1 Armour
 + Level 11.0 Shields
 - Level 7.2 Invocations


You had 13 spell levels left.
You didn't know any spells.

Dungeon Overview and Level Annotations

Branches:
Dungeon (11/15)            Temple (0/1) D:7            Lair (6/6) D:10
  Swamp (0/4) Lair:2        Snake (0/4) Lair:4        Slime (0/5) Lair:6
    Orc (2/2) D:11            Elf (0/3) Orc:2

Altars:
Ashenzari
Dithmenos
Elyvilon
Fedhas
Gozag
Kikubaaqudgha
Makhleb
Nemelex Xobeh
Okawaru
Qazlal
Trog
Wu Jian
Xom
Yredelemnul

Shops:
D:4 (   D:8 *   Orc:1 *   Orc:2 :*?:

Annotations:
Lair:1 exclusion: 3 oklob plants
Lair:2 exclusion: 2 upstairs


Innate Abilities, Weirdness & Mutations

You have razor-sharp toenails.
You are mostly covered in thin metallic scales. (AC +3)
You regenerate a lot of health from kills.
You are robust. (+10% HP)
When hurt, damage is shared between your health and your magic reserves.
You have sharp fingernails.
You are agile. (Dex +2)
You do not regenerate when monsters are visible.


Message History

Where to? (Enter - Orc:2 @ (x,y), ? - help)
What level of the Dungeon? (default 11, ? - help) Have to go through Orc:2.
Continue? [Y]es or [N]o only, please.
Have to go through Orc:2.
Continue? [Y]es or [N]o only, please.
Have to go through Orc:2.
Continue?
Some of the chunks of flesh in your inventory have rotted away.
There is a stone staircase leading down here.
You climb downwards.
There is a stone staircase leading up here.
There is a stone staircase leading up here.
You climb upwards.
There is a stone staircase leading down here.
There is a staircase back to the Dungeon, spattered with blood here.
You climb upwards.
Welcome back to the Dungeon!
There is a staircase to the Orcish Mines here.
Unknown command.
Unknown command.
Are you sure you want to abandon this character and quit the game? (Confirm with "yes".)

........#.....#........#####.....
..............#..................
#####.................#######....
#.####.########'###... #.### #.#
#.#............... #.# #.
#.+............... #.#
..#....%.[........ #..
..#.....)[........ #...
####....@.......... #....
#.........##.... #....
#.........# .... #....
................. +....
.....(......... ................
................ ...............


There were no monsters in sight!

Vanquished Creatures
  An orc warlord (Orc:1)
  Josephine (Orc:1)
  The ghost of vuev the Destroyer, a journeyman DEFE of Vehumet (Lair:6)
  Fannar (Orc:1)
  2 hydras
  12 two-headed ogres (Orc:2)
  6 death yaks
  4 ogre magi (Orc:2)
  Nergalle (Lair:2)
  A swamp dragon (Lair:6)
  2 lindwurms
  A necromancer (IceCv)
  2 orc knights (Orc:2)
  A deep elf mage (D:11)
  A wolf spider (Lair:6)
  An ugly thing (D:10)
  8 elephants (Lair:5)
  2 ice statues (IceCv)
  7 black mambas
  A guardian serpent (Lair:6)
  11 spiny frogs
  3 torpor snails
  The ghost of herpmino the Chopper, a novice FoFi (D:7)
  6 komodo dragons
  2 rime drakes (Lair:6)
  6 ice devils (IceCv)
  2 trolls (Orc:1)
  3 hornets
  10 blink frogs
  9 hippogriffs
  4 redbacks (Lair:6)
  11 wyverns
  3 wraiths (Orc:1)
  3 basilisks
  20 yaks
  2 wargs
  2 acid dragons (Lair:6)
  A soldier ant (D:11)
  19 porcupines
  18 water moccasins
  18 orc warriors
  An ice beast (D:11)
  A necrophage (D:5)
  2 sky beasts
  4 eyes of draining
  A swamp drake (Lair:6)
  30 ogres
  5 centaurs
  10 wolves (Lair:2)
  2 big kobolds
  14 crocodiles
  10 bullfrogs
  3 scorpions
  3 killer bees (D:7)
  3 wights (D:11)
  An electric eel (Lair:2)
  A howler monkey (D:6)
  2 crimson imps
  A bullfrog zombie (D:11)
  4 hounds
  A quasit (D:8)
  3 bullfrog skeletons
  3 draconian simulacra (IceCv)
  15 jellies
  12 orc priests
  A centaur skeleton (D:8)
  20 orc wizards
  Jessica (D:2)
  4 iguanas
  6 hell rats (Lair:6)
  8 worker ants
  2 troll simulacra (IceCv)
  2 centaur simulacra (IceCv)
  2 hound zombies
  2 hound skeletons (D:4)
  A worker ant zombie (D:8)
  12 gnolls
  11 adders
  3 naga simulacra (IceCv)
  A shadow imp (D:5)
  An ooze (Lair:6)
  An adder skeleton (D:8)
  2 adder zombies
  A worm (D:1)
  2 dart slugs
  7 leopard geckos
  63 orcs
  12 bats
  3 bat zombies (D:5)
  4 giant cockroaches
  7 goblins
  8 hobgoblins
  12 jackals
  11 kobolds
  3 quokkas
  3 frilled lizards
  A leopard gecko zombie (D:9)
  4 rats
  A rat zombie (D:5)
  4 fungi
  5 plants
573 creatures vanquished.

Vanquished Creatures (collateral kills)
  An orc warlord (Orc:1)
  The ghost of esteth the Grappler, a journeyman TrMo of Ru (Lair:5)
  The ghost of zhorgal the Severer, a journeyman HOFi of Uskayaw (Lair:2)
  A fire dragon (Lair:6)
  2 hydras
  A catoblepas (Lair:3)
  A two-headed ogre (D:9)
  3 death yaks (Lair:3)
  An orc high priest (Orc:2)
  The ghost of Duffy the Arsonist, a novice DEFE of Vehumet (D:8)
  3 lindwurms (Lair:3)
  An elephant (Lair:5)
  A troll (Orc:2)
  A yak (Lair:3)
  A steam dragon (Lair:6)
  A porcupine (Lair:5)
  2 water moccasins
  3 orc warriors
  2 ogres
  A crocodile (Lair:5)
  An electric eel (Lair:2)
  2 orc priests
  4 orc wizards
  An iguana (Lair:6)
  3 gnolls (D:8)
  12 orcs
52 creatures vanquished.

Vanquished Creatures (others)
  A phantom (D:4)
  A kobold (D:11)
  22 fungi
  41 plants
65 creatures vanquished.

Grand Total: 690 creatures vanquished

Notes
Turn   | Place    | Note
-------+----------+-------------------------------------------
     0 | D:1      | Duffy the Demonspawn Fighter began the quest for the Orb.
     0 | D:1      | Reached XP level 1. HP: 18/18 MP: 1/1
    47 | D:1      | Reached skill level 2 in Axes
   230 | D:1      | Gained mutation: You are partially covered in thin metallic scales. (AC +2) [demonic ancestry]
   230 | D:1      | Reached XP level 2. HP: 21/24 MP: 2/2
   650 | D:1      | HP: 1/24 [poisoned by an adder]
   906 | D:1      | Reached XP level 3. HP: 25/29 MP: 3/3
  1184 | D:2      | Noticed Jessica
  1198 | D:2      | Killed Jessica
  1460 | D:2      | Gained mutation: You have sharp toenails. [demonic ancestry]
  1460 | D:2      | Reached XP level 4. HP: 35/35 MP: 4/4
  1501 | D:2      | Found a faded altar of an unknown god.
  1634 | D:2      | Became a worshipper of Makhleb the Destroyer
  1634 | D:2      | Reached * piety under Makhleb
  1711 | D:2      | Reached skill level 3 in Axes
  2370 | D:2      | Gained mutation: You regenerate a little health from kills. [demonic ancestry]
  2370 | D:2      | Reached XP level 5. HP: 42/42 MP: 5/5
  2408 | D:2      | Gained mutation: You expend magic power (3 MP) to strengthen your wands. [potion of mutation]
  2408 | D:2      | Gained mutation: You are somewhat resistant to further mutation. [potion of mutation]
  2486 | D:3      | Lost mutation: You expend magic power (3 MP) to strengthen your wands. [potion of mutation]
  2486 | D:3      | Lost mutation: You are somewhat resistant to further mutation. [potion of mutation]
  2486 | D:3      | Gained mutation: Your muscles are strong. (Str +2) [potion of mutation]
  2486 | D:3      | Gained mutation: You are covered in fur. (AC +1) [potion of mutation]
  2661 | D:3      | Reached ** piety under Makhleb
  2996 | D:3      | Reached XP level 6. HP: 24/48 MP: 6/6
  3105 | D:3      | Found a shattered altar of Ashenzari.
  3362 | D:4      | Reached skill level 4 in Axes
  3363 | D:4      | Found Emaonk's Weapon Boutique.
  3373 | D:4      | Bought a +0 broad axe for 44 gold pieces
  3499 | D:4      | Lost mutation: Your muscles are strong. (Str +2) [potion of mutation]
  3499 | D:4      | Lost mutation: You are covered in fur. (AC +1) [potion of mutation]
  3499 | D:4      | Gained mutation: You are weak. (Str -2) [potion of mutation]
  3499 | D:4      | Lost mutation: You are weak. (Str -2) [potion of mutation]
  3769 | D:4      | Found a stormy altar of Qazlal.
  3822 | D:5      | Entered Level 5 of the Dungeon
  3828 | D:5      | Gained mutation: You regenerate health from kills. [demonic ancestry]
  3828 | D:5      | Reached XP level 7. HP: 48/55 MP: 7/7
  3989 | D:5      | Reached *** piety under Makhleb
  4091 | D:5      | Reached skill level 5 in Axes
  4157 | D:5      | Found a white marble altar of Elyvilon.
  4372 | D:5      | Found a bloodstained altar of Trog.
  4386 | D:5      | Reached skill level 5 in Fighting
  4592 | D:5      | Found an ancient bone altar of Kikubaaqudgha.
  4765 | D:6      | Reached skill level 1 in Invocations
  4767 | D:6      | Reached XP level 8. HP: 60/60 MP: 7/9
  4852 | D:6      | Reached skill level 6 in Axes
  4944 | D:6      | Found an ornate altar of the Wu Jian Council.
  5043 | D:6      | Gained mutation: You are agile. (Dex +2) [mutagenic meat]
  5045 | D:6      | Gained mutation: Armour fits poorly on your strangely shaped body. [mutagenic meat]
  5111 | D:6      | Found a shadowy altar of Dithmenos.
  5523 | D:7      | Reached skill level 5 in Invocations
  5548 | D:7      | Noticed a hippogriff
  5698 | D:7      | Killed a hippogriff
  5698 | D:7      | Reached skill level 7 in Axes
  5720 | D:7      | Found a staircase to the Ecumenical Temple.
  5872 | D:7      | Found a basalt altar of Yredelemnul.
  5878 | D:7      | Noticed herpmino's ghost (novice FoFi)
  5900 | D:7      | Killed herpmino's ghost
  5900 | D:7      | Reached XP level 9. HP: 53/68 MP: 12/14
  6508 | D:8      | Reached **** piety under Makhleb
  6517 | D:8      | Reached skill level 8 in Axes
  6684 | D:8      | Noticed Duffy's ghost (novice DEFE)
  6971 | D:8      | Reached skill level 5 in Armour
  7184 | D:8      | Reached skill level 5 in Shields
  7379 | D:8      | Found a burning altar of Makhleb.
  7392 | D:8      | Found Duezal's Assorted Antiques.
  7409 | D:8      | Bought a sedimented dark potion for 18 gold pieces
  7506 | D:8      | Killed Duffy's ghost
  7784 | D:9      | Found an opulent altar of Gozag.
  8153 | D:9      | Noticed a two-headed ogre
  8161 | D:9      | Killed a two-headed ogre
  8161 | D:9      | Gained mutation: When hurt, damage is shared between your health and your magic reserves. [demonic ancestry]
  8161 | D:9      | Reached XP level 10. HP: 76/76 MP: 15/15
  8177 | D:9      | Found a white marble altar of Elyvilon.
  8178 | D:9      | Found an iron altar of Okawaru.
  8181 | D:9      | Found a sparkling altar of Nemelex Xobeh.
  8181 | D:9      | Found a blossoming altar of Fedhas.
  8232 | D:9      | Reached skill level 9 in Axes
  8773 | D:10     | Entered Level 10 of the Dungeon
  8884 | D:10     | Noticed a cyan ugly thing
  8900 | D:10     | Killed a cyan ugly thing
  8904 | D:10     | Gained mutation: You possess an exceptional clarity of mind. [mutagenic meat]
  8905 | D:10     | Lost mutation: You possess an exceptional clarity of mind. [mutagenic meat]
  9092 | D:10     | Found a staircase to the Lair.
  9486 | Lair:1   | Entered Level 1 of the Lair of Beasts
  9496 | Lair:1   | Reached skill level 10 in Axes
  9702 | Lair:1   | Gained mutation: You have razor-sharp toenails. [demonic ancestry]
  9702 | Lair:1   | Reached XP level 11. HP: 84/84 MP: 16/16
  9932 | Lair:1   | Reached ***** piety under Makhleb
 10034 | Lair:1   | Got a fine ivory ring
 10182 | Lair:1   | Identified the ring of Jyzed {rElec rPois} (You found it on level 1 of the Lair of Beasts)
 10295 | Lair:1   | Noticed an oklob plant
 10296 | Lair:1   | Noticed an oklob plant
 10296 | Lair:1   | Noticed an oklob plant
 10985 | Lair:2   | Noticed zhorgal's ghost (journeyman HOFi)
 11016 | Lair:2   | Killed zhorgal's ghost
 11241 | Lair:2   | Noticed an eight-headed hydra
 11252 | Lair:2   | Killed an eight-headed hydra
 11252 | Lair:2   | Reached skill level 11 in Axes
 11298 | Lair:2   | Noticed Nergalle
 11314 | Lair:2   | Killed Nergalle
 11429 | Lair:2   | Found a staircase to the Swamp.
 12188 | Lair:3   | Noticed a catoblepas
 12206 | Lair:3   | Killed a catoblepas
 12206 | Lair:3   | Gained mutation: You are mostly covered in thin metallic scales. (AC +3) [demonic ancestry]
 12206 | Lair:3   | Reached XP level 12. HP: 74/94 MP: 12/17
 12613 | Lair:3   | Noticed a death yak
 12615 | Lair:3   | Noticed a death yak
 12616 | Lair:3   | Noticed a death yak
 12616 | Lair:3   | Noticed a death yak
 12652 | Lair:3   | Killed a death yak
 12652 | Lair:3   | Reached skill level 12 in Axes
 13169 | Lair:3   | Killed a death yak
 13178 | Lair:3   | Killed a death yak
 13185 | Lair:3   | Killed a death yak
 13846 | Lair:4   | Found a staircase to the Snake Pit.
 13982 | Lair:4   | Noticed a seven-headed hydra
 13993 | Lair:4   | Killed a seven-headed hydra
 14954 | Lair:5   | Noticed esteth's ghost (journeyman TrMo)
 14984 | Lair:5   | Killed esteth's ghost
 14984 | Lair:5   | Reached skill level 10 in Fighting
 14984 | Lair:5   | Gained mutation: You are robust. (+10% HP) [demonic ancestry]
 14984 | Lair:5   | Reached XP level 13. HP: 35/113 MP: 8/18
 15051 | Lair:5   | Reached skill level 13 in Axes
 15732 | Lair:6   | Entered Level 6 of the Lair of Beasts
 15944 | Lair:6   | Noticed vuev's ghost (journeyman DEFE)
 15982 | Lair:6   | Killed vuev's ghost
 16367 | Lair:6   | Lost mutation: You are agile. (Dex +2) [potion of mutation]
 16367 | Lair:6   | Lost mutation: Armour fits poorly on your strangely shaped body. [potion of mutation]
 16367 | Lair:6   | Gained mutation: Armour fits poorly on your strangely shaped body. [potion of mutation]
 16367 | Lair:6   | Gained mutation: You are somewhat resistant to further mutation. [potion of mutation]
 16368 | Lair:6   | Lost mutation: Armour fits poorly on your strangely shaped body. [potion of mutation]
 16368 | Lair:6   | Lost mutation: You are somewhat resistant to further mutation. [potion of mutation]
 16368 | Lair:6   | Gained mutation: You evolve. [potion of mutation]
 16369 | Lair:6   | Lost mutation: You evolve. [potion of mutation]
 16369 | Lair:6   | Gained mutation: Your muscles are strong. (Str +2) [potion of mutation]
 16369 | Lair:6   | Gained mutation: You can translocate small distances at will. [potion of mutation]
 16369 | Lair:6   | Gained mutation: You are agile. (Dex +2) [potion of mutation]
 16374 | Lair:6   | Found a staircase to the Slime Pits.
 16386 | Lair:6   | Reached skill level 10 in Armour
 16821 | Lair:6   | Reached skill level 14 in Axes
 16828 | Lair:6   | Reached skill level 10 in Shields
 16944 | Lair:6   | Noticed a fire dragon
 16953 | Lair:6   | Killed a fire dragon
 16953 | Lair:6   | Gained mutation: You regenerate a lot of health from kills. [demonic ancestry]
 16953 | Lair:6   | Reached XP level 14. HP: 70/124 MP: 11/19
 17898 | D:11     | Found an iron altar of Okawaru.
 18123 | D:11     | Found a staircase to the Orcish Mines.
 18181 | Orc:1    | Entered Level 1 of the Orcish Mines
 18182 | Orc:1    | Noticed an orc warlord
 18199 | Orc:1    | Killed an orc warlord
 18246 | Orc:1    | Found Tapnirem's Tempting Trifles.
 18407 | Orc:1    | Noticed Josephine
 18419 | Orc:1    | Killed Josephine
 18539 | Orc:2    | Entered Level 2 of the Orcish Mines
 18625 | Orc:2    | Found a staircase to the Elven Halls.
 18668 | Orc:2    | Found a frozen archway.
 18674 | IceCv    | Entered an ice cave
 19231 | Orc:2    | Reached skill level 15 in Axes
 19340 | Orc:2    | Found Geogituw's Magic Scroll Shoppe.
 19341 | Orc:2    | Found Jaomoegi's Book Shop.
 19341 | Orc:2    | Found Wiuhaq's Assorted Antiques.
 19341 | Orc:2    | Found Cefurybb's Book Boutique.
 19356 | Orc:2    | Bought a scroll of brand weapon for 320 gold pieces
 19370 | Orc:2    | Bought a potion of mutation for 248 gold pieces
 19370 | Orc:2    | Bought a potion of mutation for 248 gold pieces
 19370 | Orc:2    | Lost mutation: You can translocate small distances at will. [potion of mutation]
 19370 | Orc:2    | Lost mutation: Your muscles are strong. (Str +2) [potion of mutation]
 19370 | Orc:2    | Lost mutation: You are agile. (Dex +2) [potion of mutation]
 19370 | Orc:2    | Gained mutation: You have very sharp teeth. [potion of mutation]
 19370 | Orc:2    | Gained mutation: You do not regenerate when monsters are visible. [potion of mutation]
 19370 | Orc:2    | Gained mutation: Your muscles are strong. (Str +2) [potion of mutation]
 19371 | Orc:2    | Lost mutation: Your muscles are strong. (Str +2) [potion of mutation]
 19371 | Orc:2    | Lost mutation: You have very sharp teeth. [potion of mutation]
 19371 | Orc:2    | Gained mutation: You are agile. (Dex +2) [potion of mutation]
 19371 | Orc:2    | Gained mutation: You have sharp fingernails. [potion of mutation]
 19827 | Orc:1    | Noticed an orc warlord
 19849 | Orc:1    | Killed an orc warlord
 19939 | Orc:1    | Found a shimmering altar of Xom.
 19940 | Orc:1    | Noticed Fannar
 19968 | Orc:1    | Killed Fannar
 20130 | D:11     | Quit the game

Vault maps used:
D:1:      dpeg_arrival_simpleton_c
D:2:      chequers_ecumenical_altar_lobes, uniq_jessica
D:3:      nicolae_ashenzari_panopticon
D:4:      nicolae_qazlal_eye_of_the_storm, serial_shops, shop_fountains,
          first_bread
D:5:      trog_eyes_of_draining, lemuel_zombie_altar_kikubaaqudgha,
          elyvilon_altar_4
D:6:      nicolae_dithmenos_through_a_glass_darkly,
          nicolae_overflow_hidden_temple
D:7:      old_standard_altar, temple_doors_e
D:8:      overflow_temple_1_default, serial_shops,
          nicolae_shop_overgrown_old_shop
D:9:      nicolae_gozag_seed_capital, grunt_temple_overflow_open,
          grunt_ogre_cave, grunt_decor_fettered
D:10:     lair_entry_dummy
D:11:     orc_0_dummy, david_defended_altar_elf, uniq_erica
Lair:1:   dpeg_oklob_gauntlet, st_stairs_11, eino_small_chamber_without_monster,
          beast_lair_carwin_10
Lair:2:   beast_lair_carwin_large_3, swamp_mist, serial_bayou,
          serial_bayou_crossing, serial_bayou_pond_c, serial_bayou_lagoon_b,
          serial_bayou_pond_d, serial_bayou_shore_b, grunt_megastairs_2,
          uniq_nergalle
Lair:3:   minmay_lindwurm_lava, infiniplex_staircase_pool_2
Lair:4:   dummy_snake_entry, grunt_megastairs_1
Lair:6:   hangedman_lair_tendril_chambers, guppyfry_lair_end_dragon,
          minmay_slime_entry_jelly_boxes
Orc:1:    basic_altar, nicolae_alphabet_shops, uniq_fannar, uniq_josephine
Orc:2:    st_orc_ogre_mass, portal_ice_cave_entry_pillars_1
IceCv:    ice_cave_tombish

Skill      XL: |  1  2  3  4  5  6  7  8  9 10 11 12 13 14 |
---------------+-------------------------------------------+-----
Axes           | 2 3 4 5 7 8 10 11 12 14 15 | 15.2
Shields        | 3 4 5 6 7 9 10 11 | 11.0
Armour         | 3 4 5 6 8 9 10 11 | 11.1
Fighting       | 4 5 6 7 8 10 11 | 11.9
Invocations    | 1 7 |  7.2

Action                   |  1- 3 |  4- 6 |  7- 9 | 10-12 | 13-15 || total
-------------------------+-------+-------+-------+-------+-------++-------
Melee: War axe           |   118 |   159 |       |       |       ||   277
       Kick              |       |    23 |       |       |       ||    23
       Broad axe         |       |    56 |   376 |   652 |   972 ||  2056
       Flail             |       |       |       |     8 |    17 ||    25
Invok: Lesser Servant of |       |       |     5 |    17 |    10 ||    32
Evoke: Wand              |       |       |       |       |     2 ||     2
  Use: Scroll            |       |    10 |    13 |     7 |     3 ||    33
       Potion            |       |     3 |     2 |     2 |     6 ||    13
 Stab: Distracted        |       |       |       |     2 |     7 ||     9
  Eat: Chunk             |     2 |     8 |    13 |    17 |     4 ||    44
       Bread ration      |       |       |     1 |     2 |     3 ||     6
Armor: Scale mail        |    81 |    71 |       |       |       ||   152
       Chain mail        |       |    60 |    33 |       |       ||    93
       Plate armour      |       |       |   207 |   343 |   366 ||   916
Dodge: Dodged            |    32 |    66 |    49 |   122 |   134 ||   403
Block: Shield            |    72 |   147 |   248 |   553 |   755 ||  1775
       Reflection        |       |       |     1 |     4 |     5 ||    10
